 Dungeon Crawl Stone Soup version 0.20-a0-1020-g7b9e4fe (webtiles) character file.

123 Monsterracer the Magician (level 4, -9/31 HPs)
             Began as a Mummy Summoner on Apr 18, 2017.
             Mangled by an iguana (11 damage)
             ... on level 4 of the Dungeon.
             The game lasted 00:14:35 (3864 turns).

Monsterracer the Magician (Mummy Summoner)          Turns: 3864, Time: 00:14:35

Health: -9/31      AC:  2    Str: 11    XL:     4   Next: 79%
Magic:  0/10       EV: 12    Int: 15    God:
Gold:   159        SH:  0    Dex: 12    Spells: 3/12 levels left

rFire    x . .     SeeInvis .   e - +1 dagger (venom)
rCold    + . .     Gourm    .   (no shield)
rNeg     + + +     Faith    .   a - +0 robe
rPois    ∞         Spirit   .   (no helmet)
rElec    .         Reflect  .   (no cloak)
rCorr    .         Harm     .   (no gloves)
MR       .....                  (no boots)
Stlth    ++........             (no amulet)
Regen    0.1/turn               (no ring)
MPRegen  0.2/turn               (no ring)

@: no status effects
A: no food or potions, fire vulnerability, cold resistance 1, negative energy
resistance 3, torment resistance, unbreathing
a: no special abilities


You were on level 4 of the Dungeon.
You were not hungry.

You visited 1 branch of the dungeon, and saw 4 of its levels.

You collected 159 gold pieces.

Inventory:

Hand Weapons
 e - a +1 dagger of venom (weapon)
 l - a +0 mace
Armour
 a - a +0 robe (worn)
Scrolls
 c - a scroll of enchant armour {unknown}
 d - 8 scrolls of identify {unknown}
 f - a scroll of teleportation {unknown}
 g - a scroll of immolation {unknown}
 h - 2 scrolls of magic mapping {unknown}
 i - a scroll of random uselessness {unknown}
 j - a scroll of blinking {unknown}
 k - 3 scrolls of remove curse {unknown}
Books
 b - a book of Callings

   Spells                             Type                      Level
   a - Summon Small Mammal            Summoning                    1
   b - Call Imp                       Summoning                    2
   c - Call Canine Familiar           Summoning                    3
   d - Summon Guardian Golem          Hexes/Summoning              3
   e - Summon Lightning Spire         Summoning/Air                4
   f - Summon Ice Beast               Ice/Summoning                4
 m - a book of Misfortune

   Spells                             Type                      Level
   a - Confusing Touch                Hexes                        1
   b - Confuse                        Hexes                        3
   c - Gell's Gravitas                Translocation                3
   d - Petrify                        Transmutation/Earth          4
   e - Metabolic Englaciation         Hexes/Ice                    5
   f - Yara's Violent Unravelling     Hexes/Transmutation          5


   Skills:
 + Level 0.4 Fighting
 + Level 1.7 Dodging
 - Level 1.5 Stealth
 * Level 4.7 Spellcasting
 * Level 4.2 Summonings


You had 3 spell levels left.
You knew the following spells:

 Your Spells              Type           Power        Failure   Level  Hunger
a - Summon Small Mammal   Summ           ###.         3%          1    N/A
b - Call Imp              Summ           ###.....     6%          2    N/A
c - Call Canine Familiar  Summ           ###.....     12%         3    N/A
d - Summon Guardian Gole  Hex/Summ       #.......     24%         3    N/A

Dungeon Overview and Level Annotations

Branches:
Dungeon (4/15)
 Temple: D:4-7

Altars:
Makhleb
Qazlal
Yredelemnul


Innate Abilities, Weirdness & Mutations

You do not eat or drink.
Your flesh is vulnerable to fire.
You are immune to poison.
Your flesh is cold resistant. (rC+)
You are immune to negative energy. (rN+++)
You are immune to unholy pain and torment.
You can survive without breathing.


Message History

Casting: Call Canine Familiar
Confirm with . or Enter, or press ? or * to list all spells.
Nothing appears to happen.
Your hound barely misses the iguana.
The iguana barely misses you.
Casting: Summon Guardian Golem
Confirm with . or Enter, or press ? or * to list all spells.
Nothing appears to happen.
Your hound bites the iguana.
The iguana misses you.
Your hound closely misses the iguana.
Casting: Summon Guardian Golem
Confirm with . or Enter, or press ? or * to list all spells.
Nothing appears to happen.
Your hound bites the iguana.
The iguana closely misses you.
You barely miss the iguana.
The iguana is heavily wounded.
Your hound barely misses the iguana.
The iguana bites you!
* * * LOW HITPOINT WARNING * * *
Your hound bites the iguana.
Your hound completely misses the iguana.
The iguana bites you!
You die...

..^# #........<####.#.#.#
#. ##.#
#.........####.#.#.# #!
.#.# #........(...l...#.#
#.
.#.#####.........##.....#.#
#.
............####.##.#.#.#.#
#. ##.########.#
#.##.#.#.#.# #. ..... #.#
#h##.#.#.#.# #. ....#.# #.#
#l##.#.#.#.# #. ##### # #.#
#@##.#.#.#.# #. #.#
####.#.#.#.######. #.#
#.#...#........ #.#
###########


You could see an iguana and a friendly hound.

Vanquished Creatures
  A hound (D:4)
  A worker ant (D:3)
  2 giant cockroaches
  A goblin (D:2)
  A hobgoblin (D:3)
  2 jackals (D:1)
  3 bats
  2 kobolds
  A rat (D:2)
14 creatures vanquished.

Vanquished Creatures (collateral kills)
  7 adders
  An ooze (D:2)
  An adder skeleton (D:4)
  2 worms (D:3)
  A dart slug (D:3)
  A leopard gecko (D:1)
  3 orcs (D:4)
  A ball python (D:3)
  A bat (D:1)
  A giant cockroach (D:4)
  3 goblins
  A hobgoblin (D:3)
  2 jackals (D:1)
  A frilled lizard (D:3)
  6 kobolds
  4 rats
36 creatures vanquished.

Grand Total: 50 creatures vanquished

Notes
Turn   | Place    | Note
-------+----------+-------------------------------------------
     0 | D:1      | Monsterracer the Mummy Summoner began the quest for the Orb.
     0 | D:1      | Reached XP level 1. HP: 13/13 MP: 4/4
   695 | D:1      | Reached XP level 2. HP: 19/19 MP: 0/6
   745 | D:1      | Learned a level 2 spell: Call Imp
  1007 | D:2      | Found a burning altar of Makhleb.
  1012 | D:2      | Found a stormy altar of Qazlal.
  1262 | D:2      | Reached XP level 3. HP: 24/24 MP: 8/8
  2075 | D:3      | Found a basalt altar of Yredelemnul.
  2187 | D:3      | Reached XP level 4. HP: 29/30 MP: 1/10
  2192 | D:3      | Learned a level 3 spell: Call Canine Familiar
  2261 | D:3      | Found a faded altar of an unknown god.
  2266 | D:3      | Learned a level 3 spell: Summon Guardian Golem
  3864 | D:4      | Mangled by an iguana

Vault maps used:
D:1:      minmay_arrival_open_corners
D:2:      grunt_temple_overflow_open, first_bread
D:3:      yredelemnul_altar_generic, chequers_ecumenical_altar_island

Skill      XL: |  1  2  3 |
---------------+----------+-----
Spellcasting   | 3 4 |  4.7
Summonings     | 4 |  4.2
Fighting       | |  0.4
Dodging        | |  1.7
Stealth        | |  1.5

Action                   |  1- 3 |  4- 6 || total
-------------------------+-------+-------++-------
Melee: Dagger            |    26 |    21 ||    47
       Unarmed           |     3 |       ||     3
 Cast: Summon Small Mamm |    46 |    35 ||    81
       Call Imp          |    12 |    14 ||    26
       Call Canine Famil |       |     6 ||     6
       Summon Guardian G |       |     4 ||     4
 Stab: Sleeping          |     2 |       ||     2
Armor: Robe              |     7 |     5 ||    12
Dodge: Dodged            |    31 |    29 ||    60
